Map: Tropic Shores

Players

Ronish

  • Race: Zerg Zerg
  • League: Gold
  • Spawn Location: 11:00

cxh

  • Race: Terran Terran
  • Spawn Location: 12:00

JeanpPERU

  • Race: Protoss Protoss
  • League: Platinum
  • Spawn Location: 0:00

Adrian

  • Race: Terran Terran
  • League: Silver
  • Spawn Location: 12:00

Constantine - Winner!

  • Race: Protoss Protoss
  • Spawn Location: 5:00

ArtROBI - Winner!

  • Race: Zerg Zerg
  • League: Gold
  • Spawn Location: 6:00

ThatOneGuy - Winner!

  • Race: Zerg Zerg
  • League: Gold
  • Spawn Location: 5:00

Infamous - Winner!

  • Race: Protoss Protoss
  • League: Silver
  • Spawn Location: 6:00

VOD

Have the link to the VOD?

Description

Time

  • Played on: March 28, 2018, 1:16 p.m.
  • Length: 15:45
Show
View Real Time Build Order
Export as new Build Order

Ronish Zerg 

Build Orders: Hatch First 

Get SALT Encoding   

  12  0:33  Hatchery  
  11  0:38  Drone  
  11  0:41  Overlord  
  12  0:47  Drone  
  13  0:58  Extractor  
  13  1:00  Drone  
  13  1:19  Drone  
  13  1:20  Drone  
  15  1:39  Drone x2  
  17  1:48  Spawning Pool  
  17  1:52  Extractor  
  17  1:53  Drone x2  
  17  2:07  Drone x3  
  17  2:08  Drone  
  21  2:23  Extractor  
  20  2:30  Drone  
  20  2:31  Drone x3  
  24  2:41  Roach Warren  
  23  2:56  Queen  
  25  2:59  Drone x2  
  27  3:15  Spore Crawler  
  27  3:19  Overlord  
  26  3:20  Drone  
  26  3:23  Overlord  
  27  3:27  Drone  
  28  3:39  Roach  
  28  3:40  Roach x2  
  34  3:47  Roach  
  36  4:03  Lair  
  36  4:04  Drone x2  
  36  4:05  Drone  
  36  4:09  Roach  
  41  4:14  Roach  
  43  4:19  Overlord  
  43  4:33  Extractor  
  43  4:34  Queen  
  44  4:44  Drone, Overlord  
  44  4:45  Drone x3  
  48  4:48  Drone  
  49  5:09  Hydralisk Den, Glial Reconstitution  
  49  5:13  Burrow  
  48  5:15  Overlord  
  48  5:16  Roach  
  48  5:19  Drone  
  51  5:21  Drone  
  51  5:25  Overlord  
  52  5:50  Hatchery  
  51  5:59  Hydralisk, Overlord  
  53  6:04  Grooved Spines  
  53  6:06  Hydralisk  
  55  6:11  Hydralisk  
  55  6:14  Overseer  
  57  6:20  Pneumatized Carapace  
  57  6:25  Drone x3  
  60  6:26  Hydralisk  
  62  6:34  Overseer  
  62  6:46  Spore Crawler  
  61  6:57  Tunneling Claws  
  61  7:00  Hydralisk x3  
  67  7:04  Hydralisk  
  67  7:08  Hydralisk  
  69  7:13  Hydralisk  
  73  7:16  Muscular Augments  
  73  7:26  Queen  
  73  7:29  Drone, Overlord  
  77  7:30  Drone  
  77  7:32  Drone  
  78  8:04  Infestation Pit  
  77  8:17  Extractor, Hydralisk x3  
  77  8:18  Hydralisk x2, Roach x5  
  96  8:24  Overlord  
  96  8:26  Drone  
  97  8:27  Drone  
  98  8:42  Hive  
  98  8:48  Evolution Chamber  
  97  8:56  Evolution Chamber  
  96  9:24  Overlord x2  
  96  9:25  Overlord x3  
  96  9:40  Evolution Chamber  
  65  10:32  Hydralisk x2  
  65  10:33  Hydralisk x5, Roach x4  
  65  10:34  Roach x4  
  75  10:47  Hydralisk x4  
  77  11:06  Hydralisk x3  
  60  11:17  Roach x2  
  58  11:23  Hydralisk x2  
  58  11:40  Hydralisk x2  
  62  11:58  Hatchery  
  53  12:26  Hydralisk x2  
  53  12:27  Hydralisk x3, Roach x4  
  53  12:28  Roach x2  
  75  12:41  Drone, Overlord  
  75  12:42  Drone  
  69  12:58  Zerg Melee Weapons Level 1, Zerg Ground Armor Level 1, Zerg Missile Weapons Level 1  
  59  13:18  Hydralisk x2  
  59  13:19  Roach x4  
  71  13:21  Drone  
  72  13:37  Queen  
  74  13:54  Drone  
  74  13:55  Drone x6  
  79  13:56  Drone x2  
  83  14:21  Hydralisk x3  
  83  14:22  Hydralisk x3  
  95  15:00  Hydralisk x2  
  95  15:01  Hydralisk x2, Roach x4  
  95  15:02  Roach  
  95  15:04  Overlord x3  
Show
View Real Time Build Order
Export as new Build Order

cxh Terran 

Build Orders:  

Get SALT Encoding   

  12  0:33  SCV  
  13  0:45  SCV  
  14  0:52  Supply Depot  
  14  0:58  SCV  
  15  1:14  SCV  
  15  1:17  Barracks  
  16  1:26  Barracks, SCV  
  17  1:38  Supply Depot, SCV  
  18  1:50  SCV  
  19  2:02  SCV  
  19  2:07  Refinery  
  20  2:10  Marine  
  20  2:14  SCV  
  22  2:20  Refinery  
  23  2:24  Marine, Engineering Bay  
  23  2:26  SCV  
  24  2:34  Marine  
  25  2:38  SCV  
  25  2:42  Marine  
  27  2:50  SCV  
  28  2:52  Marine  
  29  3:00  Marine  
  29  3:02  SCV  
  31  3:12  Missile Turret  
  31  3:13  Supply Depot  
  31  3:34  Marine  
  32  3:46  Command Center  
  32  4:02  SCV  
  33  4:03  Factory  
  33  4:07  Supply Depot  
  33  4:14  SCV  
  33  4:17  Supply Depot  
  34  4:26  SCV  
  34  4:38  SCV  
  34  4:41  Factory  
  34  4:44  Refinery  
  32  4:50  SCV  
  33  5:00  Factory Reactor  
  33  5:02  Starport, SCV  
  34  5:08  Planetary Fortress  
  34  5:12  Missile Turret  
  34  5:18  Refinery  
  34  5:40  Cyclone x2  
  40  5:43  Factory Reactor, Starport Reactor  
  40  5:47  Supply Depot  
  40  5:56  SCV  
  41  6:03  Orbital Command  
  41  6:06  Armory  
  41  6:15  Cyclone x2  
  41  6:18  Liberator  
  47  6:19  SCV  
  47  6:25  Starport  
  48  6:37  Widow Mine  
  53  6:41  SCV x2  
  55  6:53  Widow Mine x2  
  59  6:58  Supply Depot  
  59  7:07  Cyclone  
  62  7:15  Missile Turret  
  62  7:24  Liberator  
  62  7:25  Liberator  
  62  7:30  Starport Reactor  
  62  7:34  Supply Depot, Terran Ship Weapons Level 1  
  68  7:50  Liberator x2  
  47  8:11  Liberator  
  53  8:18  SCV x2  
  53  8:19  Fusion Core  
  55  8:21  Liberator  
  55  8:30  SCV  
  55  8:31  SCV  
  60  8:36  Liberator  
  63  8:43  SCV x2  
  65  8:50  Liberator  
  68  9:07  Supply Depot  
  71  9:19  Liberator  
  71  9:31  SCV x2  
  73  9:33  Liberator  
  73  9:34  Starport  
  76  9:43  SCV x2  
  57  9:53  Liberator  
  57  9:55  SCV x2  
  59  10:07  SCV  
  59  10:12  Starport Tech Lab  
  63  10:19  Liberator x2  
  63  10:29  Liberator  
  60  10:45  Liberator  
  63  10:52  Missile Turret  
  63  10:54  Missile Turret  
  63  10:55  Missile Turret  
  63  10:59  Liberator  
  63  11:31  Viking x2  
  67  11:44  Supply Depot  
  61  12:10  Advanced Ballistics  
  61  12:11  Sensor Tower  
  61  12:25  Liberator x2  
  61  12:26  Liberator  
  61  12:35  Liberator  
  70  12:56  Liberator  
  73  13:08  Liberator  
  66  13:31  Missile Turret  
  66  13:32  Missile Turret  
  66  13:34  Missile Turret  
  66  13:36  Missile Turret  
  66  13:37  Missile Turret x2  
  66  13:38  Liberator  
  66  13:39  Liberator  
  66  13:40  Liberator  
  63  13:46  Missile Turret  
  63  13:48  Missile Turret  
  63  13:50  Missile Turret  
  72  14:06  Liberator  
  72  14:13  Command Center  
  72  14:15  Missile Turret  
  72  14:17  Missile Turret  
Show
View Real Time Build Order
Export as new Build Order

JeanpPERU Protoss 

Build Orders:  

Get SALT Encoding   

  12  0:23  Probe (Chrono Boost)  
  12  0:27  Assimilator  
  13  0:32  Pylon  
  13  0:33  Probe (Chrono Boost)  
  14  0:37  Probe (Chrono Boost)  
  15  0:50  Probe  
  16  1:12  Pylon  
  16  1:24  Nexus  
  16  1:26  Assimilator  
  16  1:30  Pylon  
  16  1:42  Gateway  
  16  2:13  Probe (Chrono Boost)  
  17  2:17  Gateway  
  17  2:22  Probe (Chrono Boost)  
  18  2:23  Gateway  
  18  2:26  Forge  
  18  2:28  Probe (Chrono Boost)  
  20  2:37  Probe (Chrono Boost)  
  20  2:42  Pylon  
  21  2:45  Probe (Chrono Boost)  
  21  2:47  Probe (Chrono Boost)  
  22  2:52  Probe x2 (Chrono Boost)  
  25  3:05  Probe (Chrono Boost)  
  25  3:07  Probe (Chrono Boost)  
  26  3:16  Probe (Chrono Boost), Zealot x2  
  26  3:18  Probe (Chrono Boost)  
  32  3:22  Probe (Chrono Boost)  
  34  3:34  Probe  
  34  3:40  Pylon  
  34  3:46  Probe  
  35  3:52  Pylon  
  35  3:56  Zealot x2  
  35  3:58  Probe  
  40  4:06  Cybernetics Core  
  40  4:09  Pylon  
  40  4:11  Gateway  
  40  4:14  Protoss Ground Weapons Level 1  
  40  4:23  Assimilator  
  40  4:33  Probe (Chrono Boost)  
  41  4:43  Probe (Chrono Boost), Stalker  
  41  4:44  Stalker  
  46  4:48  Probe (Chrono Boost)  
  47  5:03  Photon Cannon  
  47  5:05  Photon Cannon  
  47  5:06  Shield Battery  
  47  5:17  Probe (Chrono Boost)  
  47  5:20  Stalker x2  
  52  5:26  Probe (Chrono Boost)  
  53  5:32  Probe  
  54  5:38  Assimilator  
  54  5:48  Photon Cannon  
  54  5:51  Photon Cannon  
  54  5:54  Shield Battery  
  54  5:58  Photon Cannon  
  54  6:03  Pylon  
  54  6:04  Photon Cannon  
  54  6:09  Stalker x3, Protoss Ground Armor Level 1 (Chrono Boost)  
  60  6:39  Stalker  
  62  6:42  Pylon  
  62  6:45  Pylon  
  62  6:55  Gateway  
  62  6:57  Gateway  
  62  6:59  Pylon  
  62  7:02  Gateway  
  62  7:10  Twilight Council  
  62  7:15  Gateway  
  62  7:17  Gateway  
  62  7:22  Gateway  
  62  7:23  Gateway  
  62  7:29  Warp Gate  
  62  7:36  Stalker x3  
  68  7:42  Stalker  
  70  7:44  Blink (Chrono Boost)  
  70  7:50  Stalker  
  72  7:54  Stalker  
  72  8:06  Stalker x3  
  72  8:11  Protoss Ground Weapons Level 2 (Chrono Boost)  
  78  8:12  Stalker  
  80  8:24  Forge  
  80  8:30  Pylon  
  80  8:36  Stalker  
  80  8:38  Stalker x6  
  80  8:39  Stalker x2  
  98  9:01  Robotics Facility  
  98  9:59  Pylon  
  98  10:00  Pylon  
  98  10:16  Pylon, Protoss Ground Armor Level 2 (Chrono Boost)  
  98  10:21  Pylon  
  98  10:24  Pylon  
  98  10:28  Pylon  
  98  10:30  Pylon  
  98  10:36  Photon Cannon x2  
  98  10:44  Stalker x4  
  98  10:45  Stalker x6  
  84  11:14  Stalker x4  
  84  11:15  Stalker x4  
  75  12:30  Stalker x7  
  75  12:31  Stalker x3  
  88  13:04  Stalker  
  70  13:33  Pylon  
  70  13:35  Pylon  
  70  13:44  Probe (Chrono Boost)  
  71  13:54  Probe (Chrono Boost)  
  72  13:58  Assimilator  
  72  13:59  Probe (Chrono Boost)  
  72  14:01  Pylon  
  73  14:03  Pylon  
  73  14:09  Probe  
  74  14:11  Stalker x3  
  80  14:21  Probe  
Show
View Real Time Build Order
Export as new Build Order

Adrian Terran 

Build Orders:  

Get SALT Encoding   

  12  0:17  Supply Depot  
  12  0:24  Refinery  
  12  0:25  SCV  
  13  0:41  Barracks  
  13  0:44  SCV  
  14  1:01  SCV  
  15  1:16  SCV  
  16  1:22  Supply Depot  
  16  1:28  Barracks Tech Lab  
  16  1:49  Command Center  
  16  1:57  Marauder  
  18  2:18  Marauder  
  18  2:19  Concussive Shells  
  18  2:21  SCV  
  21  2:37  Engineering Bay  
  21  2:40  SCV  
  22  2:45  Marauder  
  24  3:04  Supply Depot  
  24  3:06  Marauder  
  24  3:09  Terran Infantry Weapons Level 1  
  26  3:15  SCV  
  27  3:21  SCV  
  28  3:27  Marauder  
  30  3:40  SCV  
  31  3:47  Factory  
  31  3:49  Marauder  
  31  3:53  SCV  
  34  3:59  Missile Turret  
  34  4:05  Missile Turret  
  34  4:09  SCV  
  35  4:12  Marauder  
  35  4:16  SCV  
  38  4:34  Missile Turret  
  38  4:43  Refinery  
  38  4:54  Missile Turret  
  38  5:03  Terran Infantry Armor Level 1  
  38  5:04  Marauder  
  40  5:11  SCV  
  41  5:23  SCV  
  41  5:25  Marauder, Factory Tech Lab  
  44  5:35  SCV  
  45  5:37  Supply Depot  
  45  5:47  SCV, Marauder  
  48  5:50  Starport  
  48  5:59  SCV  
  49  6:08  Marauder  
  51  6:11  Command Center  
  51  6:29  Marauder  
  53  7:01  Planetary Fortress  
  45  7:05  Starport Tech Lab  
  35  7:17  Starport  
  35  7:21  Starport  
  35  7:26  SCV  
  36  7:38  SCV  
  38  7:51  Missile Turret  
  38  7:52  Missile Turret  
  38  7:56  Planetary Fortress  
  37  8:01  Starport Tech Lab  
  37  8:03  Starport Tech Lab  
  39  8:05  Fusion Core  
  39  8:06  Marauder  
  39  8:11  SCV  
  40  8:16  Refinery  
  40  8:18  Refinery  
  40  8:20  SCV  
  40  8:23  SCV  
  44  8:27  Marauder  
  44  8:32  SCV  
  44  8:33  SCV  
  46  8:35  SCV  
  47  8:44  SCV  
  47  8:45  SCV  
  47  8:47  SCV  
  52  8:48  Marauder  
  52  8:54  Battlecruiser  
  58  8:56  SCV  
  58  8:57  SCV  
  58  8:59  SCV  
  61  9:03  Missile Turret  
  61  9:06  Missile Turret  
  61  9:08  SCV  
  61  9:09  SCV  
  65  9:10  Marauder  
  65  9:11  SCV  
  66  9:21  SCV, Battlecruiser  
  66  9:23  SCV  
  74  9:24  Supply Depot  
  76  9:31  Marauder  
  76  9:33  SCV  
  76  9:34  Supply Depot  
  76  9:37  Supply Depot  
  77  9:42  Supply Depot  
  77  9:46  SCV  
  77  9:49  Supply Depot  
  78  9:58  SCV  
  70  10:10  SCV  
  71  10:17  Missile Turret  
  71  10:19  Battlecruiser  
  77  10:22  SCV  
  78  10:34  SCV  
  79  10:39  Battlecruiser  
  85  10:46  SCV  
  78  10:58  SCV  
  79  11:10  SCV  
  75  11:33  Battlecruiser  
  81  12:07  Battlecruiser  
  87  12:16  SCV  
  82  12:28  SCV  
  83  12:36  Marauder  
  85  12:40  SCV  
  86  12:50  Barracks  
  86  12:52  Barracks, SCV  
  86  12:54  Barracks  
  86  12:57  Marauder  
  86  12:58  Barracks  
  89  13:04  SCV  
  88  13:06  Missile Turret  
  82  13:16  SCV  
  82  13:19  Marauder  
  85  13:21  Missile Turret  
  69  13:29  SCV  
  63  13:40  Marauder  
  63  13:41  SCV  
  56  14:01  Marauder  
  51  14:07  Barracks Reactor  
  51  14:08  Barracks Reactor  
  51  14:09  Barracks Reactor  
  50  14:10  Barracks Reactor  
  44  14:48  Marine x2  
  44  14:49  Marine x6  
  52  14:57  Command Center  
  52  15:05  Marine  
  52  15:06  Marine x3  
  52  15:07  Marine x4  
  60  15:23  Marine  
  60  15:24  Marine x2  
Show
View Real Time Build Order
Export as new Build Order

Constantine Protoss - Winner!

Build Orders:  

Get SALT Encoding   

  12  0:01  Probe (Chrono Boost)  
  13  0:14  Probe (Chrono Boost)  
  14  0:24  Probe  
  15  0:35  Pylon  
  15  0:53  Probe (Chrono Boost)  
  16  1:05  Probe (Chrono Boost)  
  17  1:14  Probe (Chrono Boost)  
  18  1:20  Probe  
  18  1:21  Nexus  
  19  1:30  Assimilator  
  19  1:32  Probe  
  20  1:36  Assimilator  
  20  1:45  Probe  
  21  1:57  Probe (Chrono Boost)  
  23  2:10  Probe (Chrono Boost)  
  23  2:20  Gateway  
  23  2:28  Forge  
  23  2:33  Probe  
  24  2:37  Pylon  
  24  2:40  Pylon  
  24  2:41  Pylon, Probe (Chrono Boost)  
  25  2:50  Probe (Chrono Boost)  
  26  2:55  Assimilator  
  27  2:58  Assimilator  
  27  2:59  Probe (Chrono Boost)  
  27  3:00  Probe (Chrono Boost)  
  28  3:10  Probe (Chrono Boost)  
  30  3:14  Probe (Chrono Boost)  
  30  3:15  Probe (Chrono Boost)  
  30  3:17  Cybernetics Core  
  31  3:21  Probe  
  31  3:24  Probe  
  34  3:36  Probe x2 (Chrono Boost)  
  35  3:48  Probe (Chrono Boost)  
  37  3:50  Probe (Chrono Boost)  
  37  3:53  Probe (Chrono Boost)  
  38  3:57  Probe  
  38  4:00  Stargate  
  39  4:03  Probe (Chrono Boost)  
  39  4:04  Stargate  
  39  4:06  Stargate  
  41  4:14  Probe (Chrono Boost)  
  41  4:15  Probe (Chrono Boost)  
  42  4:22  Probe (Chrono Boost)  
  44  4:24  Probe (Chrono Boost)  
  44  4:29  Probe  
  45  4:34  Probe  
  46  4:41  Probe  
  47  4:50  Pylon  
  47  4:52  Protoss Air Weapons Level 1 (Chrono Boost)  
  47  4:53  Pylon  
  47  4:57  Void Ray x3  
  59  5:08  Pylon  
  59  5:39  Void Ray  
  59  5:42  Void Ray x2  
  63  5:48  Stargate  
  71  5:55  Nexus  
  71  5:57  Twilight Council  
  71  6:07  Assimilator  
  71  6:22  Void Ray  
  71  6:25  Void Ray  
  75  6:30  Probe (Chrono Boost)  
  81  6:41  Probe (Chrono Boost)  
  81  6:46  Probe (Chrono Boost), Void Ray  
  86  7:06  Void Ray x2  
  86  7:07  Probe  
  95  7:12  Void Ray  
  99  7:18  Probe (Chrono Boost)  
  101  7:24  Probe (Chrono Boost)  
  101  7:32  Assimilator  
  101  7:43  Pylon  
  101  7:46  Pylon  
  101  7:48  Pylon  
  101  7:53  Probe  
  101  7:54  Protoss Air Armor Level 1 (Chrono Boost)  
  101  7:55  Pylon  
  101  7:59  Pylon  
  101  8:00  Void Ray x2, Fleet Beacon  
  101  8:01  Pylon  
  101  8:05  Probe  
  110  8:09  Void Ray  
  114  8:17  Probe  
  115  8:22  Void Ray  
  119  8:29  Probe (Chrono Boost)  
  120  8:39  Probe (Chrono Boost)  
  121  8:44  Probe (Chrono Boost)  
  121  8:47  Carrier x2  
  134  8:56  Probe  
  135  9:08  Probe  
  132  10:09  Carrier x2  
  144  10:38  Carrier  
  146  11:10  Carrier  
  148  11:52  Carrier  
  122  12:08  Carrier  
  122  12:09  Carrier  
  134  12:36  Carrier  
  117  13:18  Carrier  
  123  13:34  Carrier  
Show
View Real Time Build Order
Export as new Build Order

ArtROBI Zerg - Winner!

Build Orders: Pool First, Swarm Host 

Get SALT Encoding   

  12  0:02  Drone  
  13  0:12  Drone  
  14  0:18  Overlord  
  14  0:31  Extractor  
  13  0:39  Drone  
  13  0:40  Drone x2  
  16  0:56  Drone  
  17  1:18  Spawning Pool  
  16  1:29  Drone x3, Hatchery  
  18  1:41  Drone  
  19  1:57  Extractor  
  19  2:00  Drone  
  19  2:05  Drone  
  20  2:09  Lair  
  20  2:21  Drone  
  21  2:38  Drone  
  21  2:39  Overlord  
  21  2:43  Drone  
  23  2:59  Drone x2  
  23  3:02  Drone  
  23  3:03  Drone  
  27  3:08  Drone  
  28  3:29  Drone x2  
  28  3:32  Hatchery  
  29  3:40  Infestation Pit  
  28  3:42  Drone x3  
  28  3:48  Spine Crawler  
  30  3:51  Spine Crawler  
  29  3:56  Drone x2  
  31  4:05  Overlord x2  
  31  4:14  Drone x2  
  36  4:42  Drone x3  
  39  4:49  Hive  
  39  4:50  Drone x3  
  42  4:56  Drone  
  42  4:57  Burrow  
  42  4:59  Drone  
  45  5:00  Drone  
  46  5:07  Drone  
  49  5:21  Evolution Chamber  
  48  5:23  Evolution Chamber  
  47  5:33  Drone x2  
  47  5:34  Hatchery  
  48  5:38  Extractor  
  47  5:42  Extractor  
  47  5:44  Drone  
  47  5:48  Drone x3  
  50  5:51  Extractor  
  50  5:54  Extractor  
  49  5:57  Drone  
  49  6:01  Drone  
  50  6:07  Overlord  
  56  6:11  Zerg Missile Weapons Level 1  
  56  6:12  Zerg Ground Armor Level 1  
  56  6:17  Drone  
  57  6:21  Drone  
  58  6:27  Drone x2  
  60  6:34  Overlord  
  60  6:35  Overlord  
  60  6:51  Drone x2  
  62  7:11  Spore Crawler  
  62  7:13  Spore Crawler  
  60  7:15  Spore Crawler  
  60  7:16  Spore Crawler  
  60  7:18  Spore Crawler  
  60  7:20  Spore Crawler  
  56  7:22  Spore Crawler  
  56  7:28  Spore Crawler  
  56  7:29  Drone x3  
  57  7:37  Drone  
  57  7:38  Drone x5  
  63  7:44  Drone  
  63  7:47  Drone x3  
  67  7:52  Overseer x2  
  73  8:16  Overlord  
  88  8:25  Overlord x3  
  88  8:30  Zerg Missile Weapons Level 2  
  88  8:31  Zerg Ground Armor Level 2  
  88  8:34  Queen  
  90  8:46  Drone  
  118  9:04  Overlord x2  
  136  10:19  Overlord x3  
  160  11:36  Overlord x3  
  160  11:40  Overlord x3  
  160  11:44  Zerg Missile Weapons Level 3  
  160  11:45  Zerg Ground Armor Level 3  
  157  13:26  Swarm Host x2  
  157  13:27  Swarm Host x4  
  157  13:31  Swarm Host x3  
  184  15:10  Swarm Host x2  
  184  15:11  Swarm Host x3  
Show
View Real Time Build Order
Export as new Build Order

ThatOneGuy Zerg - Winner!

Build Orders: Hatch First, Muta Ling Bane 

Get SALT Encoding   

  12  0:02  Drone  
  13  0:11  Drone  
  14  0:22  Overlord  
  14  0:42  Drone x3  
  17  0:53  Drone  
  18  1:11  Hatchery  
  17  1:16  Spawning Pool  
  16  1:20  Drone  
  16  1:21  Drone  
  16  1:25  Extractor  
  17  1:31  Drone  
  18  1:38  Drone  
  19  1:50  Drone  
  20  2:04  Queen  
  20  2:05  Overlord  
  22  2:11  Extractor  
  21  2:17  Overlord  
  21  2:23  Drone x2  
  23  2:31  Zergling x2  
  23  2:32  Metabolic Boost  
  24  2:44  Drone x2  
  24  2:46  Queen  
  24  2:49  Drone  
  29  3:02  Baneling Nest  
  28  3:09  Drone x4  
  32  3:19  Drone x4  
  37  3:20  Drone  
  37  3:33  Zergling x4  
  39  3:47  Lair  
  39  3:49  Hatchery  
  39  3:50  Zergling x2  
  39  3:51  Zergling x2  
  39  3:54  Zergling x2  
  41  4:04  Pneumatized Carapace  
  41  4:06  Overlord  
  41  4:07  Overlord  
  41  4:08  Zergling x2  
  42  4:14  Baneling x2  
  42  4:15  Baneling x3  
  42  4:16  Baneling x2  
  42  4:17  Baneling  
  42  4:18  Baneling  
  42  4:19  Baneling  
  42  4:21  Baneling  
  42  4:22  Baneling  
  42  4:39  Drone  
  42  4:40  Drone x7  
  42  4:41  Drone  
  51  4:47  Extractor  
  51  4:51  Extractor  
  51  4:52  Centrifical Hooks  
  49  5:21  Drone x5  
  51  5:22  Drone x4  
  58  5:28  Overlord  
  58  5:30  Zergling x4  
  58  5:32  Zergling x2  
  58  5:34  Zergling x2  
  62  5:50  Overseer  
  62  5:51  Hatchery  
  62  5:52  Overseer  
  61  6:02  Zergling x10  
  61  6:03  Spire, Zergling x2  
  66  6:05  Zergling x2  
  66  6:06  Zergling x2  
  66  6:08  Spire  
  67  6:35  Zergling x4  
  67  6:36  Zergling x10  
  67  6:37  Overlord  
  67  6:38  Overlord  
  74  6:51  Overlord x3  
  63  7:06  Zergling x4  
  63  7:07  Zergling x4  
  67  7:14  Zergling x6  
  70  7:21  Baneling  
  70  7:22  Baneling x6  
  70  7:23  Baneling x7  
  70  7:24  Baneling x6  
  70  7:25  Baneling x6  
  70  7:26  Baneling x2  
  70  7:31  Mutalisk x3  
  70  7:32  Mutalisk  
  70  7:35  Drone x4  
  82  7:51  Spore Crawler, Drone x2  
  81  7:52  Drone x6  
  89  8:10  Mutalisk x3  
  89  8:11  Mutalisk  
  89  8:12  Zergling x2  
  98  8:20  Extractor, Drone x4  
  98  8:22  Extractor  
  100  8:41  Mutalisk x3  
  100  8:42  Mutalisk, Zergling x6  
  100  8:43  Zergling x2  
  112  8:59  Mutalisk x2  
  112  9:01  Zergling x8  
  120  9:04  Overlord x2  
  120  9:20  Zerg Flyer Weapons Level 1, Zerg Flyer Armor Level 1  
  120  9:32  Mutalisk  
  120  9:33  Mutalisk x2  
  120  9:34  Overlord x4  
  126  9:47  Mutalisk  
  126  9:48  Mutalisk  
  126  9:49  Zergling x4  
  126  9:50  Zergling x8  
  126  9:51  Hatchery  
  126  9:52  Overlord  
  135  10:19  Mutalisk x5  
  135  10:20  Mutalisk  
  147  10:22  Zergling x4  
  147  10:23  Zergling x10  
  154  10:32  Baneling  
  154  10:33  Baneling x6  
  154  10:34  Baneling x2  
  154  10:36  Baneling  
  154  10:46  Corruptor  
  154  10:47  Corruptor  
  111  11:19  Corruptor x4  
  111  11:20  Corruptor  
  121  11:28  Corruptor  
  121  11:30  Drone x3  
  121  11:31  Drone x3  
  129  11:50  Corruptor x3  
  129  11:51  Corruptor  
  133  12:26  Corruptor x2  
  133  12:27  Corruptor x4  
  133  12:29  Zergling x12  
  151  12:30  Zergling x6  
  154  12:38  Baneling x7  
  154  12:39  Baneling  
  154  12:40  Baneling  
  154  12:41  Baneling  
  154  12:45  Extractor  
  148  13:15  Mutalisk x2, Zergling x10  
  148  13:16  Corruptor x3  
  148  13:18  Overlord x2  
  129  14:10  Zergling x10  
  129  14:11  Zergling x8  
  129  14:12  Zergling x6  
  141  14:26  Corruptor x4  
  149  14:43  Extractor  
  149  14:44  Overlord  
  148  14:46  Mutalisk x5  
  148  14:47  Mutalisk  
  160  14:56  Baneling x5  
  160  14:57  Baneling x2  
  158  15:16  Baneling x7  
  158  15:17  Baneling x6  
  158  15:18  Baneling x4  
Show
View Real Time Build Order
Export as new Build Order

Infamous Protoss - Winner!

Build Orders:  

Get SALT Encoding   

  12  0:01  Probe  
  13  0:15  Probe  
  13  0:19  Pylon  
  14  0:27  Probe  
  15  0:39  Gateway  
  15  0:41  Probe (Chrono Boost)  
  16  0:53  Probe (Chrono Boost)  
  17  0:57  Assimilator  
  17  1:00  Probe (Chrono Boost)  
  18  1:10  Probe  
  19  1:23  Probe  
  20  1:42  Probe  
  20  1:45  Nexus  
  21  1:47  Pylon  
  21  1:57  Probe (Chrono Boost), Cybernetics Core  
  22  2:09  Probe (Chrono Boost)  
  22  2:13  Assimilator  
  22  2:14  Pylon  
  22  2:20  Warp Gate (Chrono Boost)  
  22  2:22  Probe  
  23  2:35  Probe  
  24  2:58  Gateway, Robotics Facility  
  24  3:03  Pylon  
  24  3:05  Gateway  
  24  3:12  Gateway  
  24  3:15  Probe  
  25  3:24  Probe  
  26  3:33  Zealot (Chrono Boost)  
  25  3:49  Gateway  
  25  3:55  Stalker (Chrono Boost)  
  27  4:03  Stalker (Chrono Boost)  
  27  4:13  Stalker (Chrono Boost)  
  29  4:25  Stalker  
  31  4:39  Pylon  
  31  4:43  Probe (Chrono Boost)  
  33  4:46  Forge  
  33  4:48  Probe (Chrono Boost)  
  34  4:53  Probe (Chrono Boost), Observer  
  34  4:56  Probe (Chrono Boost)  
  37  5:07  Probe x2  
  38  5:14  Zealot  
  38  5:19  Probe  
  41  5:28  Photon Cannon  
  41  5:34  Shield Battery  
  41  5:35  Probe (Chrono Boost)  
  42  5:36  Pylon  
  42  5:44  Stalker  
  42  5:46  Sentry  
  46  6:03  Zealot  
  46  6:04  Zealot  
  50  6:18  Sentry x3  
  52  6:20  Probe  
  52  6:21  Probe  
  58  6:32  Probe  
  58  6:33  Probe  
  58  6:34  Adept x2  
  63  6:59  Stalker x3  
  63  7:00  Stalker x2  
  73  7:15  Pylon  
  73  7:19  Pylon  
  73  7:21  Protoss Ground Weapons Level 1 (Chrono Boost)  
  73  7:23  Pylon  
  73  7:25  Twilight Council  
  73  7:28  Photon Cannon  
  73  7:32  Shield Battery  
  73  7:43  Robotics Bay  
  73  7:51  Probe (Chrono Boost)  
  75  7:53  Forge  
  75  7:56  Probe (Chrono Boost)  
  73  8:01  Probe (Chrono Boost), Zealot  
  73  8:02  Zealot  
  66  8:14  Stalker  
  66  8:15  Stalker  
  70  8:20  Zealot  
  72  8:27  Probe (Chrono Boost), Charge (Chrono Boost)  
  72  8:30  Protoss Ground Armor Level 1 (Chrono Boost)  
  72  8:33  Probe (Chrono Boost)  
  74  8:36  Assimilator  
  74  8:37  Probe (Chrono Boost)  
  75  8:41  Stalker  
  75  8:42  Stalker  
  75  8:44  Sentry  
  81  8:55  Probe (Chrono Boost)  
  83  9:00  Probe (Chrono Boost)  
  83  9:01  Colossus (Chrono Boost)  
  83  9:05  Probe (Chrono Boost)  
  83  9:08  Probe (Chrono Boost)  
  92  9:19  Probe (Chrono Boost)  
  92  9:22  Probe (Chrono Boost)  
  93  9:28  Probe (Chrono Boost)  
  93  9:31  Probe (Chrono Boost), Protoss Shields Level 1 (Chrono Boost)  
  95  9:36  Assimilator  
  95  9:41  Pylon  
  95  9:43  Pylon  
  95  9:48  Stalker  
  95  9:49  Stalker x2  
  101  10:01  Zealot x2  
  105  10:09  Probe  
  100  10:19  Pylon  
  100  10:20  Probe (Chrono Boost), Protoss Ground Weapons Level 2 (Chrono Boost)  
  100  10:21  Pylon  
  81  10:25  Pylon  
  67  10:29  Blink  
  63  10:39  Zealot x5  
  77  10:52  Colossus (Chrono Boost)  
  79  11:01  Stalker x2  
  79  11:03  Zealot x2  
  87  11:22  Probe  
  87  11:23  Probe  
  89  11:36  Gateway  
  89  11:40  Sentry x3  
  89  11:41  Gateway x2  
  95  11:55  Zealot x2  
  75  12:23  Zealot x3  
  75  12:24  Zealot x2  
  75  12:29  Colossus  
  83  12:45  Zealot x5  
  77  13:08  Stalker x2  
  77  13:09  Stalker x3  
  77  13:11  Protoss Ground Weapons Level 3 (Chrono Boost)  
  77  13:12  Protoss Ground Armor Level 2 (Chrono Boost)  
  79  13:45  Zealot x4  
  79  13:46  Zealot  
  89  13:56  Sentry  
  89  13:57  Sentry x2  
  95  14:08  Templar Archives  
  95  14:28  Nexus  
  95  14:30  Zealot x5  
  95  14:31  Zealot x2  
  109  14:32  Pylon  
  109  14:34  Pylon  
  109  14:37  Pylon  
  109  14:40  Pylon  
  109  14:42  Colossus  
  115  14:57  Photon Cannon  
  115  14:59  Photon Cannon  
  93  15:21  High Templar  
  93  15:24  High Templar x2  
  93  15:25  High Templar  
  93  15:27  Zealot  
  93  15:29  Zealot  
  93  15:30  Zealot  
  93  15:34  Sentry  
Tags
 
Add a new tag
Caveats
  • Supply blocks, unpowered buildings, or Contaminate may cause inaccurate times.
  • Supply counts are checked every 10 seconds.